 Dungeon Crawl Stone Soup version 0.18-b1-22-ge198996 (webtiles) character file.

9 Guinours the Conjurer (level 2, 0/13 HPs)
             Began as a Spriggan Conjurer on May 4, 2016.
             Killed by nerve-wracking pain
             ... invoked by Jessica
              (13 damage)
             ... on level 2 of the Dungeon.
             The game lasted 00:04:22 (620 turns).

Guinours the Conjurer (Spriggan Conjurer)            Turns: 620, Time: 00:04:22

Health: 0/13       AC:  2    Str:  4    XL:     2   Next: 6%
Magic:  3/6        EV: 18    Int: 16    God:
Gold:   43         SH:  0    Dex: 16    Spells: 1 memorised, 5 levels left

rFire  . . .     SeeInvis +     (weapon restricted)
rCold  . . .     Gourm    .     h - +0 robe
rNeg   . . .     Faith    .     (shield restricted)
rPois  .         Spirit   .     (helmet restricted)
rElec  .         Dismiss  .     (no cloak)
rCorr  .         Reflect  .     (gloves unavailable)
SustAt .         Harm     .     (boots unavailable)
MR     .....                    (no amulet)
Stlth  +++.......               (no ring)
                                (no ring)

@: very quick, not resistant to hostile enchantments, fairly stealthy
A: unfitting armour, see invisible, herbivore 3, speed 3, slow metabolism 2
a: no special abilities


You were on level 2 of the Dungeon.
You were not hungry.

You visited 1 branch of the dungeon, and saw 2 of its levels.

You collected 43 gold pieces.

Inventory:

Missiles
 j - 42 stones (quivered)
 o - 16 arrows
Armour
 h - a +0 robe (worn)
 q - a +0 helmet
Scrolls
 a - a scroll of immolation {unknown}
 d - a scroll of enchant weapon {unknown}
 n - 2 scrolls of identify
 p - a scroll of teleportation
Potions
 e - a potion of cancellation {unknown}
 f - a potion of flight {unknown}
 g - a potion of haste {unknown}
 k - 2 potions of berserk rage {unknown}
 l - a potion of cure mutation {unknown}
 r - a potion of heal wounds {unknown}
Books
 b - a book of Conjurations

   Spells                             Type                      Level
   a - Magic Dart                     Conjuration                  1
   b - Searing Ray                    Conjuration                  2
   c - Dazzling Spray                 Conjuration/Hexes            3
   d - Fulminant Prism                Conjuration/Hexes            4
   e - Iskenderun's Mystic Blast      Conjuration                  4
   f - Iskenderun's Battlesphere      Conjuration/Charms           5
Comestibles
 c - a bread ration
 i - 2 meat rations
 m - a royal jelly


   Skills:
 + Level 3.0 Dodging
 + Level 3.0 Stealth
 + Level 2.6 Spellcasting
 + Level 3.3 Conjurations


You had 5 spell levels left.
You knew the following spells:

 Your Spells              Type           Power        Failure   Level  Hunger
a - Magic Dart            Conj           ##..         6%          1    #......


Dungeon Overview and Level Annotations

Branches:
Dungeon (2/15)

Altars:

Annotations:
D:2 Jessica


Innate Abilities, Weirdness & Mutations

You are tiny and cannot use many weapons and most armour.
You have supernaturally acute eyesight.
You are a herbivore.
You cover ground extremely quickly.
You need consume almost no food.


Message History

Jessica is moderately wounded.
Jessica shouts!
Casting: Magic Dart
Confirm with . or Enter, or press ? or * to list all spells.
Aiming: Magic Dart
Press: ? - help, Shift-Dir - straight line, f/p - Jessica
Aim: Jessica, wielding a club and wearing a robe (moderately wounded)
The magic dart hits Jessica.
Jessica is moderately wounded.
Casting: Magic Dart
Confirm with . or Enter, or press ? or * to list all spells.
Aiming: Magic Dart
Press: ? - help, Shift-Dir - straight line, f/p - Jessica
Aim: Jessica, wielding a club and wearing a robe (moderately wounded)
The magic dart hits Jessica.
Jessica is moderately wounded.
Jessica gestures at you while chanting. Pain shoots through your body!
Ouch! That really hurt!
You die...

..#.#........# .# .
#.#........# #.#
#.#........# ... #
#........###.#
...........'...# #
...#........###.###.###
.......................
##.#..######...........
#.#.. ####@###### #..
......@.# # #######.#
#.# #.# ... #.# #.#


You could see Jessica.

Vanquished Creatures
  2 bats (D:1)
  3 goblins (D:1)
  2 kobolds (D:1)
  A giant newt (D:1)
8 creatures vanquished.

Notes
Turn   | Place    | Note
--------------------------------------------------------------
     0 | D:1      | Guinours the Spriggan Conjurer began the quest for the Orb.
     0 | D:1      | Reached XP level 1. HP: 9/9 MP: 5/5
   295 | D:1      | Reached XP level 2. HP: 13/13 MP: 1/6
   617 | D:2      | Noticed Jessica
   620 | D:2      | Killed from afar by Jessica

Skill      XL: |  1 |
---------------+----+-----
Conjurations   | 3 |  3.3
Dodging        | |  3.0
Stealth        | |  3.0
Spellcasting   | |  2.6

Action                   || total
-------------------------++-------
Throw: Stone             ||     1
 Cast: Magic Dart        ||    19
  Use: Scroll            ||     1
Dodge: Dodged            ||     3
